TOP OF THE 1ST |
Birmingham Barons batting - Pitching for Detroit X-Wings : RHP Dylan Versluis
|
Pitching: RHP Dylan Versluis
|
|
Batting: SHB Tony Echevarría
|
0-0: Foul Ball, location: 2F 0-1: Ball 1-1: Called Strike 1-2: Ball 2-2: Foul Ball, location: 2F 2-2: Ground out 6-3 (Groundball, 6)
|
Batting: RHB Dave Dawson
|
0-0: Called Strike 0-1: Ball 1-1: Ball 2-1: Foul Ball, location: 2F 2-2: DOUBLE (Line Drive, 78D)
|
Batting: RHB Juan Jiménez
|
0-0: Called Strike 0-1: Ball 1-1: Called Strike 1-2: Foul Ball, location: 2F 1-2: Fly out, F7 (Line Drive, 7)
|
Batting: LHB Chris Miller
|
0-0: Called Strike 0-1: Ball 1-1: Ground out 1-3 (Groundball, 15)
|
Top of the 1st over - 0 run(s), 1 hit(s), 0 error(s), 1 left on base; Birmingham 0 - Detroit 0 |
BOTTOM OF THE 1ST |
Detroit X-Wings batting - Pitching for Birmingham Barons : RHP Michel Dallaire
|
Pitching: RHP Michel Dallaire
|
|
Batting: RHB Júlio López
|
0-0: Ball 1-0: Called Strike 1-1: Ground out 5-3 (Groundball, 56S)
|
Batting: LHB Chris Loudermilk
|
0-0: Ball 1-0: Foul Ball, location: 2F 1-1: Ball 2-1: Ball 3-1: Fly out, F7 (Flyball, 78S)
|
Batting: LHB Juan Colón
|
0-0: Ball 1-0: Ball 2-0: Ball 3-0: Called Strike 3-1: Foul Ball, location: 2F 3-2: Base on Balls
|
Batting: LHB Juan Jose Pineda
|
0-0: Ball 1-0: Ball 2-0: Called Strike 2-1: Swinging Strike 2-2: Ground out 2-3 (Groundball, 2L)
|
Bottom of the 1st over - 0 run(s), 0 hit(s), 0 error(s), 1 left on base; Birmingham 0 - Detroit 0 |
TOP OF THE 2ND |
Birmingham Barons batting - Pitching for Detroit X-Wings : RHP Dylan Versluis
|
Batting: LHB Marc May
|
0-0: Ground out U3 (Groundball, 34)
|
Batting: RHB Peyton Yardley
|
0-0: Ball 1-0: Foul Ball, location: 2F 1-1: Swinging Strike 1-2: Ball 2-2: SINGLE (Line Drive, 7S)
|
Batting: LHB John Haney
|
0-0: Ball 1-0: Called Strike 1-1: Ball 2-1: Foul Ball, location: 2F 2-2: Strikes out swinging
|
Batting: RHB Eric Johnson
|
0-0: Ball 1-0: Ball 2-0: Ball 3-0: Base on Balls Peyton Yardley to second
|
Batting: RHB Vicente Elías
|
0-0: Ball 1-0: Swinging Strike 1-1: Ball 2-1: Swinging Strike 2-2: Ball 3-2: Strikes out looking
|
Top of the 2nd over - 0 run(s), 1 hit(s), 0 error(s), 2 left on base; Birmingham 0 - Detroit 0 |
BOTTOM OF THE 2ND |
Detroit X-Wings batting - Pitching for Birmingham Barons : RHP Michel Dallaire
|
Batting: RHB Keith Sims
|
0-0: Ground out 5-3 (Groundball, 56)
|
Batting: SHB Javier Jiménez
|
0-0: Called Strike 0-1: Foul Ball, location: 2F 0-2: SINGLE (Line Drive, 4MD)
|
Batting: RHB Gary Witt
|
0-0: Ground out 4-3 (Groundball, 4S) Javier Jiménez to second
|
Batting: RHB Carlos Aguirre
|
0-0: Called Strike 0-1: Fly out, F8 (Line Drive, 8LM)
|
Bottom of the 2nd over - 0 run(s), 1 hit(s), 0 error(s), 1 left on base; Birmingham 0 - Detroit 0 |
TOP OF THE 3RD |
Birmingham Barons batting - Pitching for Detroit X-Wings : RHP Dylan Versluis
|
Batting: SHB Tony Echevarría
|
0-0: Called Strike 0-1: Foul Ball, location: 2F 0-2: Ball 1-2: Ball 2-2: Ball 3-2: Ground out 1-3 (Groundball, 15S)
|
Batting: RHB Dave Dawson
|
0-0: Foul Ball, location: 2F 0-1: Ball 1-1: Fly out, F8 (Flyball, 8LD)
|
Batting: RHB Juan Jiménez
|
0-0: Called Strike 0-1: Ball 1-1: Foul Ball, location: 2F 1-2: Ball 2-2: Strikes out looking
|
Top of the 3rd over - 0 run(s), 0 hit(s), 0 error(s), 0 left on base; Birmingham 0 - Detroit 0 |
BOTTOM OF THE 3RD |
Detroit X-Wings batting - Pitching for Birmingham Barons : RHP Michel Dallaire
|
Batting: SHB Felipe Detorres
|
0-0: Ball 1-0: Fly out, F7 (Flyball, 7LS)
|
Batting: RHB Júlio López
|
0-0: Called Strike 0-1: Ground out 6-3 (Groundball, 6M)
|
Batting: LHB Chris Loudermilk
|
0-0: Called Strike 0-1: Ball 1-1: Swinging Strike 1-2: Ground out 4-3 (Groundball, 4)
|
Bottom of the 3rd over - 0 run(s), 0 hit(s), 0 error(s), 0 left on base; Birmingham 0 - Detroit 0 |
TOP OF THE 4TH |
Birmingham Barons batting - Pitching for Detroit X-Wings : RHP Dylan Versluis
|
Batting: LHB Chris Miller
|
0-0: SINGLE (Line Drive, 9LS)
|
Batting: LHB Marc May
|
0-0: Ball 1-0: 2-RUN HOME RUN (Flyball, 9D), Distance : 392 ft
|
Batting: RHB Peyton Yardley
|
0-0: Called Strike 0-1: Ball 1-1: Swinging Strike 1-2: Foul Ball, location: 2F 1-2: Foul Ball, location: 2F 1-2: Fly out, F6 (Line Drive, 6)
|
Batting: LHB John Haney
|
0-0: Ball 1-0: Fly out, F7 (Flyball, 7S)
|
Batting: RHB Eric Johnson
|
0-0: SINGLE (Flyball, 89S)
|
Batting: RHB Vicente Elías
|
0-0: Ball 1-0: Ball 2-0: Ball 3-0: Base on Balls Eric Johnson to second
|
Batting: SHB Tony Echevarría
|
0-0: Called Strike 0-1: Called Strike 0-2: Ball 1-2: Fly out, F8 (Flyball, 8RS)
|
Top of the 4th over - 2 run(s), 3 hit(s), 0 error(s), 2 left on base; Birmingham 2 - Detroit 0 |
BOTTOM OF THE 4TH |
Detroit X-Wings batting - Pitching for Birmingham Barons : RHP Michel Dallaire
|
Batting: LHB Juan Colón
|
0-0: Ball 1-0: Ball 2-0: Ball 3-0: Base on Balls
|
Batting: LHB Juan Jose Pineda
|
0-0: Ball 1-0: Ball Wild Pitch! Juan Colón to second 2-0: Fly out, F6 (Line Drive, 6)
|
Batting: RHB Keith Sims
|
0-0: Ball 1-0: Ball 2-0: Ball 3-0: Base on Balls
|
Batting: SHB Javier Jiménez
|
0-0: Called Strike 0-1: Swinging Strike 0-2: Foul Ball, location: 2F 0-2: Ball 1-2: Foul Ball, location: 2F 1-2: Strikes out swinging
|
Batting: RHB Gary Witt
|
0-0: Ball 1-0: Ball 2-0: Called Strike 2-1: Called Strike 2-2: Strikes out looking
|
Bottom of the 4th over - 0 run(s), 0 hit(s), 0 error(s), 2 left on base; Birmingham 2 - Detroit 0 |
TOP OF THE 5TH |
Birmingham Barons batting - Pitching for Detroit X-Wings : RHP Dylan Versluis
|
Batting: RHB Dave Dawson
|
0-0: Foul Ball, location: 2F 0-1: Foul Ball, location: 2F 0-2: SINGLE (Line Drive, 56)
|
Batting: RHB Juan Jiménez
|
0-0: Called Strike Dave Dawson steals 2nd base 0-1: Ball 1-1: Ball 2-1: SINGLE (Flyball, 89S) Dave Dawson to third Runner from 3rd tries for Home, SAFE, throw made home
|
Batting: LHB Chris Miller
|
0-0: Ball 1-0: Ball 2-0: Called Strike 2-1: Fly out, F7 (Flyball, 7)
|
Batting: LHB Marc May
|
0-0: Fielders Choice at 2nd, 3-6 (Groundball, 34)
|
Batting: RHB Peyton Yardley
|
0-0: Called Strike 0-1: Foul Ball, location: 2F 0-2: SINGLE (Flyball, 8RS) Marc May to second
|
Batting: LHB John Haney
|
0-0: Foul Ball, location: 2F 0-1: Foul Ball, location: 2F 0-2: Hit by Pitch Marc May to third Peyton Yardley to second
|
Batting: RHB Eric Johnson
|
0-0: Called Strike 0-1: Ball 1-1: Ball 2-1: Ball 3-1: Base on Balls Marc May scores Peyton Yardley to third John Haney to second
|
Batting: RHB Vicente Elías
|
0-0: Called Strike 0-1: Fly out, F8 (Flyball, 8RM)
|
Top of the 5th over - 2 run(s), 3 hit(s), 0 error(s), 3 left on base; Birmingham 4 - Detroit 0 |
BOTTOM OF THE 5TH |
Detroit X-Wings batting - Pitching for Birmingham Barons : RHP Michel Dallaire
|
Batting: RHB Carlos Aguirre
|
0-0: Foul Ball, location: 2F 0-1: Ball 1-1: Swinging Strike 1-2: Foul Ball, location: 2F 1-2: Ball 2-2: Fly out, F9 (Line Drive, 9D)
|
Batting: SHB Felipe Detorres
|
0-0: Called Strike 0-1: SOLO HOME RUN (Flyball, 9D), Distance : 378 ft
|
Batting: RHB Júlio López
|
0-0: Ball 1-0: Called Strike 1-1: Fly out, F8 (Flyball, 8RS)
|
Batting: LHB Chris Loudermilk
|
0-0: Foul Ball, location: 2F 0-1: Foul Ball, location: 2F 0-2: Ball 1-2: Foul Ball, location: 2F 1-2: Foul Ball, location: 2F 1-2: Ball 2-2: Ball 3-2: Ground out 3-1 (Groundball, 34S)
|
Bottom of the 5th over - 1 run(s), 1 hit(s), 0 error(s), 0 left on base; Birmingham 4 - Detroit 1 |
TOP OF THE 6TH |
Birmingham Barons batting - Pitching for Detroit X-Wings : RHP Dylan Versluis
|
Pitching: LHP Richard Dorris
|
|
Batting: SHB Tony Echevarría
|
0-0: Called Strike 0-1: Fly out, F7 (Flyball, 7)
|
Batting: RHB Dave Dawson
|
0-0: Called Strike 0-1: Ball 1-1: Ball 2-1: Foul Ball, location: 2F 2-2: Ground out 4-3 (Groundball, 34)
|
Pitching: LHP Javier Duarte
|
|
Batting: RHB Juan Jiménez
|
0-0: Swinging Strike 0-1: Foul Ball, location: 2F 0-2: Ball 1-2: Foul Ball, location: 2F 1-2: Ball 2-2: Strikes out swinging
|
Top of the 6th over - 0 run(s), 0 hit(s), 0 error(s), 0 left on base; Birmingham 4 - Detroit 1 |
BOTTOM OF THE 6TH |
Detroit X-Wings batting - Pitching for Birmingham Barons : RHP Michel Dallaire
|
Batting: LHB Juan Colón
|
0-0: Foul Ball, location: 2F 0-1: Foul Ball, location: 2F 0-2: Ball 1-2: Strikes out swinging
|
Batting: LHB Juan Jose Pineda
|
0-0: Called Strike 0-1: DOUBLE (Line Drive, 7LM)
|
Batting: RHB Keith Sims
|
0-0: Foul Ball, location: 2F 0-1: Reached on error, E4 (Groundball, 4) Juan Jose Pineda to third
|
Batting: SHB Javier Jiménez
|
0-0: Called Strike 0-1: Ball 1-1: SINGLE (Line Drive, 4D) Juan Jose Pineda scores Keith Sims to second
|
Batting: RHB Gary Witt
|
0-0: Hit by Pitch Keith Sims to third Javier Jiménez to second
|
Batting: RHB Carlos Aguirre
|
0-0: Swinging Strike 0-1: Called Strike 0-2: Foul Ball, location: 2F 0-2: Ball 1-2: SINGLE (Groundball, 4MD) Keith Sims scores Javier Jiménez to third Gary Witt to second
|
Batting: SHB Felipe Detorres
|
0-0: Foul Ball, location: 2F 0-1: Ball 1-1: Fly out, F8 (Flyball, 8LM) Runner from 3rd tags up, SCORES, throw made
|
Batting: RHB Júlio López
|
0-0: Ball 1-0: Swinging Strike 1-1: Foul Ball, location: 2F 1-2: Foul Ball, location: 2F 1-2: Ball 2-2: Strikes out looking
|
Bottom of the 6th over - 3 run(s), 3 hit(s), 1 error(s), 2 left on base; Birmingham 4 - Detroit 4 |
TOP OF THE 7TH |
Birmingham Barons batting - Pitching for Detroit X-Wings : LHP Javier Duarte
|
Pinch Hitting: RHB Yujiro Kurihara
|
0-0: Ball 1-0: Ground out 4-3 (Groundball, 4)
|
Pinch Hitting: RHB Todd Rogers
|
0-0: Ball 1-0: Ground out 5-3 (Groundball, 5S)
|
Pinch Hitting: SHB Theron Harper
|
0-0: Ball 1-0: SINGLE (Groundball, 6D)
|
Pinch Hitting: RHB Carlos García
|
0-0: Ball 1-0: Fly out, F4 (Line Drive, 4M)
|
Top of the 7th over - 0 run(s), 1 hit(s), 0 error(s), 1 left on base; Birmingham 4 - Detroit 4 |
BOTTOM OF THE 7TH |
Detroit X-Wings batting - Pitching for Birmingham Barons : RHP Michel Dallaire
|
Pitching: RHP Rick Grant
|
|
Now at 1B: Yujiro Kurihara
|
|
Now in LF: Carlos García
|
|
Now in CF: Alberto Santos
|
|
Now in RF: Warren Martin
|
|
Batting: LHB Chris Loudermilk
|
0-0: SINGLE (Line Drive, 4D)
|
Batting: LHB Juan Colón
|
0-0: Ball 1-0: Ball 2-0: Ball 3-0: Base on Balls Chris Loudermilk to second
|
Batting: LHB Juan Jose Pineda
|
0-0: Called Strike 0-1: Foul Ball, location: 2F 0-2: Fly out, F9 (Flyball, 9D) Runner from 2nd tags up, SAFE at 3rd, no throw
|
Pinch Hitting: LHB Paul Alston
|
0-0: Ball 1-0: SINGLE (Groundball, 4MD) Chris Loudermilk scores Juan Colón to second
|
Batting: SHB Javier Jiménez
|
0-0: Ball 1-0: Swinging Strike 1-1: Swinging Strike 1-2: Ball 2-2: Ground out U3 (Groundball, 34S) Juan Colón to third Paul Alston to second
|
Pinch Hitting: RHB Enrique Aguilar
|
0-0: Ball 1-0: Ball 2-0: Ball 3-0: Base on Balls
|
Batting: RHB Carlos Aguirre
|
0-0: Ball 1-0: Fly out, F9 (Flyball, 9)
|
Bottom of the 7th over - 1 run(s), 2 hit(s), 0 error(s), 3 left on base; Birmingham 4 - Detroit 5 |
TOP OF THE 8TH |
Birmingham Barons batting - Pitching for Detroit X-Wings : LHP Javier Duarte
|
Pitching: RHP Aaron Abrams
|
|
Now at 1B: Paul Alston
|
|
Now at SS: Yoshitsune Kamida
|
|
Batting: RHB Eric Johnson
|
0-0: Called Strike 0-1: Swinging Strike 0-2: Ball 1-2: Ball 2-2: Foul Ball, location: 2F 2-2: Foul Ball, location: 2F 2-2: Ball 3-2: Foul Ball, location: 2F 3-2: Strikes out swinging
|
Batting: RHB Vicente Elías
|
0-0: Foul Ball, location: 2F 0-1: Swinging Strike 0-2: Foul Ball, location: 2F 0-2: Strikes out looking
|
Pitching: RHP Pat Monroe
|
|
Batting: SHB Tony Echevarría
|
0-0: Ground out 3-1 (Groundball, 34)
|
Top of the 8th over - 0 run(s), 0 hit(s), 0 error(s), 0 left on base; Birmingham 4 - Detroit 5 |
BOTTOM OF THE 8TH |
Detroit X-Wings batting - Pitching for Birmingham Barons : RHP Rick Grant
|
Batting: SHB Felipe Detorres
|
0-0: Ground out 4-3 (Groundball, 4)
|
Batting: RHB Júlio López
|
0-0: Ball 1-0: Swinging Strike 1-1: Foul Ball, location: 2F 1-2: SINGLE (Groundball, 6MD)
|
Batting: LHB Chris Loudermilk
|
0-0: Called Strike 0-1: Swinging Strike 0-2: Ball Wild Pitch! Júlio López to second 1-2: Foul Ball, location: 2F 1-2: Ball 2-2: Strikes out swinging, 2-3 out at first.
|
Batting: LHB Juan Colón
|
0-0: Swinging Strike 0-1: Called Strike 0-2: Ball 1-2: Fly out, F8 (Line Drive, 8RD)
|
Bottom of the 8th over - 0 run(s), 1 hit(s), 0 error(s), 1 left on base; Birmingham 4 - Detroit 5 |
TOP OF THE 9TH |
Birmingham Barons batting - Pitching for Detroit X-Wings : RHP Pat Monroe
|
Pitching: RHP Ralph Bascombe
|
|
Now in CF: Merlin Morris
|
|
Pinch Hitting: LHB José Rivera
|
0-0: Ball 1-0: Ball 2-0: Called Strike 2-1: Ball 3-1: Called Strike 3-2: Foul Ball, location: 2F 3-2: Foul Ball, location: 2F 3-2: Base on Balls
|
Pinch Hitting: SHB Orlando Aguilar
|
0-0: Called Strike 0-1: Ball 1-1: Ball 2-1: Foul Ball, location: 2F 2-2: Foul Ball, location: 2F 2-2: Foul Ball, location: 2F 2-2: Fly out, F9 (Flyball, 9S)
|
Batting: RHB Yujiro Kurihara
|
0-0: Ball 1-0: Swinging Strike 1-1: Foul Ball, location: 2F 1-2: Foul Ball, location: 2F 1-2: Ball 2-2: Foul Ball, location: 2F 2-2: Fly out, F9 (Flyball, 9S)
|
Batting: LHB Alberto Santos
|
0-0: Ball 1-0: SINGLE (Line Drive, 6MD) José Rivera to second
|
Batting: RHB Warren Martin
|
0-0: Ball 1-0: Foul Ball, location: 2F 1-1: Foul Ball, location: 2F 1-2: Foul Ball, location: 2F 1-2: DOUBLE (Line Drive, 9LD) José Rivera scores Alberto Santos to third Runner from 3rd tries for Home, SAFE, no throw
|
Pitching: RHP Felipe Téllez
|
|
Batting: RHB Carlos García
|
0-0: Called Strike 0-1: Ball 1-1: Ball 2-1: Reached on error, E3 (Groundball, 34S) Warren Martin to third
|
Batting: RHB Eric Johnson
|
0-0: Called Strike 0-1: Called Strike 0-2: Strikes out swinging
|
Top of the 9th over - 2 run(s), 2 hit(s), 1 error(s), 2 left on base; Birmingham 6 - Detroit 5 |
BOTTOM OF THE 9TH |
Detroit X-Wings batting - Pitching for Birmingham Barons : RHP Rick Grant
|
Pitching: RHP Michael Young
|
|
Now at 2B: Jean-Paul St-Pierre
|
|
Now at 3B: Orlando Aguilar
|
|
Batting: LHB Juan Jose Pineda
|
0-0: Ball 1-0: Called Strike 1-1: Ball 2-1: Called Strike 2-2: Foul Ball, location: 2F 2-2: Foul Ball, location: 2F 2-2: Strikes out looking
|
Batting: LHB Paul Alston
|
0-0: Ball 1-0: Ball 2-0: Called Strike 2-1: Ground out 4-3 (Groundball, 4)
|
Batting: SHB Javier Jiménez
|
0-0: Called Strike 0-1: Called Strike 0-2: Ball 1-2: SINGLE (Groundball, 34D)
|
Pinch Hitting: RHB John Moore
|
0-0: Called Strike 0-1: Ball 1-1: Foul Ball, location: 2F 1-2: Fly out, F7 (Line Drive, 7)
|
Bottom of the 9th over - 0 run(s), 1 hit(s), 0 error(s), 1 left on base; Birmingham 6 - Detroit 5 |
|